 Dungeon Crawl Stone Soup version 0.31.0-11-ge490571c62 (webtiles) character file.

Game seed: 9965079404343578882

74154 Monkooky the Green Death (level 15, -14/120 HPs)
             Began as a Demonspawn Artificer on Feb 2, 2024.
             Was a High Priest of Fedhas.
             Killed by an exploding ballistomycete spore (26 damage)
             ... on level 2 of the Orcish Mines.
             The game lasted 01:40:07 (24068 turns).

Monkooky the Green Death (Demonspawn Artificer)    Turns: 24068, Time: 01:40:09

Health: -14/120    AC: 11    Str: 12    XL:     15   Next: 6%
Magic:  25/27      EV: 27    Int: 11    God:    Fedhas [*****.]
Gold:   553        SH:  0    Dex: 26    Spells: 14/14 levels left

rFire   . . .        L - +0 dagger (elec)
rCold   . . .        (no shield)
rNeg    + + +        K - +2 leather armour of the Blue Skies {rElec rN+ Int-2}
rPois   .            T - +2 helmet
rElec   +            (cloak unavailable)
rCorr   .            (no gloves)
SInv    .            (no boots)
Will    ++...        Q - amulet of the Devouring Enemy {rElec rN+++ Regen+ Stlth-} Stlth
                     j - +6 ring of dexterity
HPRegen 1.20/turn    u - +5 ring of evasion
MPRegen 0.20/turn

%: no passive effects
@: confused
A: yellow scales 2, demonic guardian 2, foul stench 2, demonic willpower,
weakness stinger 3
a: Renounce Religion, Wall of Briars, Grow Ballistomycete, Overgrow, Grow Oklob


You were on level 2 of the Orcish Mines.
You worshipped Fedhas.
Fedhas was extremely pleased with you.
You visited 3 branches of the dungeon, and saw 19 of its levels.

You collected 2490 gold pieces.
You spent 1937 gold pieces at shops.

Inventory:

Hand Weapons
 y - the +12 orcbow of Conflict {freeze, Fly}
   (You found it on level 5 of the Lair of Beasts)

   Fly:       It grants you flight.
 L - a +0 dagger of electrocution (weapon)
Missiles
 b - 2 throwing nets
 f - 6 silver javelins
 n - 27 poisoned darts (quivered)
 p - 3 atropa-tipped darts
 q - 21 boomerangs
 J - a curare-tipped dart
 U - 7 javelins
Armour
 K - the +2 leather armour of the Blue Skies (worn) {rElec rN+ Int-2}
   (You found it on level 6 of the Dungeon)

   Int-2:     It affects your intelligence (-2).
   rElec:     It insulates you from electricity.
   rN+:       It protects you from negative energy.
 T - a +2 helmet (worn)
 Y - a +0 troll leather armour
Jewellery
 j - a +6 ring of dexterity (left hand)
 m - a ring of see invisible
 r - the ring of Wykyrr {Fly rF++}
   (You bought it in a shop on level 2 of the Orcish Mines)

   [ring of flight]

   rF++:      It greatly protects you from fire.
   Fly:       It grants you flight.
 u - a +5 ring of evasion (right hand)
 x - a +5 ring of evasion
 C - a ring of poison resistance
 D - a +6 ring of dexterity
 Q - the amulet of the Devouring Enemy (around neck) {rElec rN+++ Regen+ Stlth-}
   (You bought it in a shop on level 2 of the Orcish Mines)

   [amulet of regeneration]

   rElec:     It insulates you from electricity.
   rN+++:     It renders you almost immune to negative energy.
   Regen+:    It increases your rate of health regeneration.
   Stlth-:    It makes you less stealthy.
Wands
 a - a wand of iceblast (9)
 d - a wand of charming (10)
 G - a wand of mindburst (23)
 V - a wand of flame (22)
Scrolls
 c - 4 scrolls of fear
 e - a scroll of enchant armour
 g - a scroll of immolation
 k - a scroll of butterflies
 s - 2 scrolls of vulnerability
 t - 2 scrolls of poison
 v - 3 scrolls of torment
 F - 2 scrolls of fog
 H - 4 scrolls of teleportation
 M - a scroll of enchant weapon
 N - 3 scrolls of amnesia
 S - 3 scrolls of revelation
 X - 2 scrolls of blinking
Potions
 h - 2 potions of enlightenment
 i - a potion of haste
 l - 2 potions of curing
 o - 5 potions of attraction
 w - 3 potions of brilliance
 z - a potion of ambrosia
 B - a potion of berserk rage
 E - 4 potions of might
 I - 2 potions of mutation
 O - a potion of invisibility
 P - a potion of cancellation
 R - 3 potions of heal wounds
 Z - a potion of lignification
Miscellaneous
 W - a lightning rod (3/4)


   Skills:
 - Level 12.0 Fighting
 - Level 10.0 Short Blades
 + Level 7.0 Ranged Weapons
 - Level 6.0 Throwing
 - Level 1.8 Armour
 - Level 12.0 Dodging
 - Level 6.5 Stealth
 - Level 17.0 Invocations
 - Level 3.6 Evocations


You had 14 spell levels left.
You didn't know any spells.
Your spell library contained the following spells:

 Spells                   Type           Power      Damage    Failure   Level
 Apportation              Tloc           0%         N/A       41%         1
 Foxfire                  Conj/Fire      0%         2x1d4     41%         1
 Magic Dart               Conj           0%         1d3       41%         1
 Necrotise                Necr           0%         1d4       41%         1
 Sandblast                Erth           0%         2d4       41%         1
 Slow                     Hex            0%         N/A       41%         1
 Sting                    Conj/Alch      0%         1d3       41%         1
 Summon Small Mammal      Summ           0%         N/A       41%         1
 Blink                    Tloc           0%         N/A       56%         2
 Call Imp                 Summ           0%         N/A       56%         2
 Cigotuvi's Dreadful Rot  Necr/Alch/Air  0%         N/A       56%         2
 Jinxbite                 Hex            0%         N/A       56%         2
 Mercury Vapours          Alch/Air       0%         N/A       56%         2
 Static Discharge         Conj/Air       0%         3-3/arc   56%         2
 Sublimation of Blood     Necr           0%         N/A       56%         2
 Confusing Touch          Hex            0%         N/A       80%         3
 Sigil of Binding         Hex            0%         N/A       80%         3
 Vampiric Draining        Necr           0%         2d6       80%         3
 Airstrike                Air            0%         2d(0-16)  99%         4
 Ignite Poison            Fire/Alch      0%         N/A       99%         4
 Olgreb's Toxic Radiance  Alch           0%         N/A       99%         4
 Summon Lightning Spire   Summ/Air       0%         N/A       99%         4
 Alistair's Intoxication  Alch           0%         N/A       100%        5
 Freezing Cloud           Conj/Ice/Air   0%         6-21      100%        5
 Plasma Beam              Fire/Air       0%         2x1d10    100%        6
 Starburst                Conj/Fire      0%         6d3       100%        6
 Summon Hydra             Summ           0%         N/A       100%        7


Dungeon Overview and Level Annotations

Branches:
Dungeon (12/15)            Temple (0/1) D:4            Lair (5/5) D:8
  Swamp (0/4) Lair:3       Spider (0/4) Lair:3        Slime (0/5) Lair:5
    Orc (2/2) D:12            Elf (0/3) Orc:2

Altars:
Cheibriados
Dithmenos
Fedhas
Makhleb
Nemelex Xobeh
Okawaru
Qazlal
Ru
Trog
Uskayaw
Wu Jian
Yredelemnul

Shops:
D:4 *   Orc:2 (!=

Annotations:
D:6 exclusion: downstairs
D:11 exclusion: downstairs
D:12 Azrael
Lair:2 exclusion: briar patch
Lair:3 2 transporters, exclusion: downstairs, Jiurer's ghost, journeyman TrBe
Lair:4 exclusion: downstairs
Orc:2 1 transporter, ggggg's ghost, journeyman MiFi


Innate Abilities, Weirdness & Mutations

You are mostly covered in yellow scales. (AC +3)
A demonic guardian rushes to your aid.
You sometimes emit foul miasma when damaged in melee.
You punish those that try to bend your will. (Will+)
You have a sharp stinger which inflicts weakening toxins.


Message History

The +12 orcbow of Conflict {freeze, Fly} stops glowing.
You hear the crackle of electricity.
L - a +0 dagger of electrocution (weapon)
You closely miss ggggg's ghost.
Ggggg's ghost is moderately damaged.
Your ballistomycete spore explodes!
Fedhas protects your plant from harm. x3
Ggggg's ghost hits you! Ggggg's ghost freezes you.
Unknown command.
You hit ggggg's ghost.
Lightning courses through ggggg's ghost!
You tail-slap ggggg's ghost, but do no damage.
Ggggg's ghost is heavily damaged.
Your ballistomycete spore explodes!
The explosion of spores engulfs ggggg's ghost!!
Ggggg's ghost is severely damaged.
Ggggg's ghost attacks as it pursues you!
Ggggg's ghost barely misses you.
A ballistomycete spore comes into view.
Ggggg's ghost completely misses you.
A ballistomycete spore comes into view.
You walk carefully through the plants.
Ggggg's ghost hits you. Ggggg's ghost freezes you.
A ballistomycete spore comes into view.
Ggggg's ghost attacks as it pursues you!
Ggggg's ghost hits you. Ggggg's ghost freezes you.
A ballistomycete spore comes into view.
Your ballistomycete spore explodes!
The explosion of spores engulfs you!!!
You are confused.
* * * LOW HITPOINT WARNING * * *
A demonic guardian appears!
Fedhas protects your plant from harm.
Your ballistomycete spore explodes!
Your demonic guardian avoids your attack.
Fedhas protects your plant from harm. The explosion of spores engulfs you!!
You are more confused.
You die...
Fedhas appreciates your contribution to the ecosystem.

##)..#.#.##############...#...##
#.).######.............#...#.###
#..#### #.....................#.
#))##.###...#########...........
##.).....#..##©...$..##....<.....
##..........#8..#.#..8#..........
##..........#..#..W#.?#.......#..
##..........#....PP..|#.....#.#..
##.........©#..3@*P..[#©.......#.
##..#.......#..))PP..$#..........
##...##.....#..#..P#..#..........
#....##....#8..#.#..8#..........
###.#......##...*...##..........
##....#...#########...#.......
##.###....................... ###
##......................
############.#.........


You could see ggggg's ghost (ally target), a friendly soul eater (summoned), a
friendly ballistomycete (summoned) and 2 friendly ballistomycete spores.

Vanquished Creatures
  Rupert (D:12)
  Snorg (Orc:1)
  Harold (D:10)
  A centaur warrior (D:10)
  3 hydras (Lair:5)
  A catoblepas (Lair:5)
  15 death yaks
  6 two-headed ogres
  6 orc high priests
  Urug (Lair:2)
  Sonja (Lair:3)
  A soul eater (D:11)
  2 skysharks (Lair:5)
  A goliath frog (Lair:5)
  A bog body (Lair:3)
  7 orc knights
  A deep elf pyromancer (D:12)
  An orc sorcerer (Orc:2)
  2 ugly things
  5 elephants (Lair:5)
  A gargoyle (D:12)
  A torpor snail (Lair:3)
  17 cane toads
  2 unseen horrors (D:11)
  3 rime drakes
  10 komodo dragons
  A red devil (D:11)
  5 trolls
  A tyrant leech (Lair:5)
  5 polar bears
  A tarantella (Lair:3)
  A hellwing (D:11)
  21 blink frogs
  12 dream sheep
  5 slime creatures (D:12)
  A wraith (D:12)
  39 yaks
  4 wyverns
  A culicivora (Lair:3)
  2 shadows
  A fire elemental (D:12)
  A warg (Orc:2)
  3 basilisks
  2 steam dragons
  8 vampire mosquitoes
  13 water moccasins
  2 acid dragons
  A hell hound (D:12)
  26 orc warriors
  A sky beast (D:7)
  2 black bears (D:5)
  4 ogres
  7 ice beasts
  3 centaurs (D:8)
  6 wolves
  2 phantoms (D:6)
  2 kobold brigands
  2 scorpions
  14 bullfrogs
  8 wights
  14 killer bees
  An electric eel (Lair:5)
  A quasit (D:11)
  7 hounds
  25 orc priests
  2 bombardier beetles
  A gnoll bouda (D:8)
  An iron imp (D:11)
  3 jellies
  4 iguanas
  13 orc wizards
  13 gnolls
  7 adders
  A shadow imp (D:7)
  2 white imps (D:6)
  3 ufetubi
  3 dart slugs
  A ribbon worm (D:2)
  79 orcs
  7 bats
  8 endoplasms
  2 giant cockroaches
  4 goblins
  3 hobgoblins
  7 jackals
  16 kobolds
  2 quokkas
  7 ball pythons
  3 frilled lizards (D:1)
  8 rats
  A ballistomycete spore (Orc:2)
548 creatures vanquished.

Vanquished Creatures (collateral kills)
  An elephant (Lair:5)
  A gargoyle (D:11)
  Maggie (D:7)
  A kobold demonologist (D:10)
  3 komodo dragons
  2 blink frogs
  A vampire (D:12)
  A slime creature (D:12)
  9 yaks
  A vampire mosquito (Lair:5)
  2 water moccasins
  4 orc warriors (Orc:2)
  A wolf (Lair:5)
  3 wights (D:7)
  2 killer bees
  7 orc priests
  A gnoll bouda (D:7)
  3 orc wizards
  A gnoll (D:8)
  2 ufetubi (D:4)
  A ribbon worm (D:4)
  5 orcs
  A quokka (D:5)
  134 ballistomycete spores
188 creatures vanquished.

Vanquished Creatures (others)
  A centaur warrior (D:12)
  A yaktaur (D:10)
  A jelly (D:5)
  An orc priest (D:7)
  5 ballistomycete spores
9 creatures vanquished.

Grand Total: 745 creatures vanquished

Notes
Turn   | Place    | Note
-------+----------+-------------------------------------------
     0 | D:1      | Monkooky the Demonspawn Artificer began the quest for the
                  | Orb.
     0 | D:1      | Reached XP level 1. HP: 15/15 MP: 1/1
    25 | D:1      | Reached skill level 1 in Dodging
    25 | D:1      | Reached skill level 1 in Stealth
   218 | D:1      | Gained mutation: You may rarely emit foul miasma when
                  | damaged in melee. [demonic ancestry]
   218 | D:1      | Reached XP level 2. HP: 22/22 MP: 2/2
   506 | D:1      | Found a faded altar of an unknown god.
   678 | D:1      | Prayed at the altar of an unknown god.
   678 | D:1      | Became a worshipper of Fedhas Madash
   678 | D:1      | Reached * piety under Fedhas
  1176 | D:2      | Gained mutation: You have a small tail. [demonic ancestry]
  1176 | D:2      | Reached XP level 3. HP: 24/28 MP: 3/3
  1486 | D:2      | Reached skill level 1 in Short Blades
  2022 | D:3      | Reached ** piety under Fedhas
  2055 | D:3      | Reached skill level 1 in Invocations
  2055 | D:3      | Reached XP level 4. HP: 32/34 MP: 4/4
  2292 | D:3      | Reached skill level 2 in Invocations
  2460 | D:3      | Found a basalt altar of Yredelemnul.
  2462 | D:3      | Noticed a profane servitor
  2750 | D:3      | Found an ornate altar of the Wu Jian Council.
  2752 | D:3      | Noticed a scorpion
  2762 | D:3      | Killed a scorpion
  2763 | D:3      | Gained mutation: You have a tail ending in a sharp stinger.
                  | [demonic ancestry]
  2763 | D:3      | Reached XP level 5. HP: 28/40 MP: 6/6
  3208 | D:4      | Reached skill level 1 in Throwing
  3343 | D:4      | Found a staircase to the Ecumenical Temple.
  3399 | D:4      | Gained mutation: A weak demonic guardian rushes to your
                  | aid. [demonic ancestry]
  3399 | D:4      | Reached XP level 6. HP: 45/46 MP: 7/7
  3452 | D:4      | Found Lenaash's Assorted Antiques.
  3479 | D:4      | Bought a scroll labelled SUOQOPEBLE for 33 gold pieces
  3479 | D:4      | Bought a scroll labelled ERIREPNE ISUN for 33 gold pieces
  3479 | D:4      | Bought a yellow potion for 29 gold pieces
  3479 | D:4      | Bought a scroll labelled HIGESI RERCHI for 33 gold pieces
  3609 | D:5      | Entered Level 5 of the Dungeon
  3624 | D:5      | Reached *** piety under Fedhas
  3847 | D:5      | Noticed a water moccasin
  3856 | D:5      | Killed a water moccasin
  3857 | D:5      | Reached skill level 3 in Invocations
  3857 | D:5      | Gained mutation: You are partially covered in yellow
                  | scales. (AC +2) [demonic ancestry]
  3857 | D:5      | Reached XP level 7. HP: 38/52 MP: 7/9
  3967 | D:5      | Found an iron altar of Okawaru.
  4026 | D:5      | Reached skill level 4 in Invocations
  4141 | D:5      | Reached skill level 5 in Invocations
  4210 | D:5      | Found a blossoming altar of Fedhas.
  4284 | D:5      | Noticed a yak
  4297 | D:5      | Reached skill level 6 in Invocations
  4300 | D:5      | Reached skill level 7 in Invocations
  4305 | D:5      | Killed a yak
  4306 | D:5      | Reached skill level 8 in Invocations
  4306 | D:5      | Gained mutation: You are mostly covered in yellow scales.
                  | (AC +3) [demonic ancestry]
  4306 | D:5      | Reached XP level 8. HP: 54/58 MP: 9/14
  4362 | D:5      | Reached skill level 9 in Invocations
  4597 | D:6      | Identified the +2 leather armour of the Blue Skies {rElec
                  | rN+ Int-2}
  5599 | D:7      | Noticed Maggie
  5636 | D:7      | Reached skill level 5 in Throwing
  5643 | D:7      | Reached **** piety under Fedhas
  5770 | D:7      | Noticed a torpor snail
  5772 | D:7      | Found a snail-covered altar of Cheibriados.
  5778 | D:7      | You fall into a shaft and drop 3 floors!
  5778 | D:10     | Entered Level 10 of the Dungeon
  5928 | D:8      | Noticed a rime drake
  5953 | D:8      | Gained mutation: You sometimes emit foul miasma when
                  | damaged in melee. [demonic ancestry]
  5953 | D:8      | Reached XP level 9. HP: 47/65 MP: 15/15
  6149 | D:8      | Killed a rime drake
  6179 | D:8      | Noticed a polar bear
  6204 | D:8      | Killed a polar bear
  6205 | D:8      | Reached skill level 5 in Dodging
  6487 | D:8      | Found a staircase to the Lair.
  6510 | D:8      | Identified the ring "Ycruis" {Fly Dex+2 Stlth+}
  6674 | D:8      | Reached skill level 5 in Short Blades
  6808 | D:7      | Found a burning altar of Makhleb.
  6914 | D:7      | Noticed a cacodemon
  6943 | D:7      | Found a hide-covered altar of Uskayaw.
  7008 | D:7      | Found a sacrificial altar of Ru.
  7137 | D:7      | Noticed an angel
  7160 | D:7      | Gained mutation: A demonic guardian rushes to your aid.
                  | [demonic ancestry]
  7160 | D:7      | Reached XP level 10. HP: 64/71 MP: 16/16
  7714 | D:7      | Killed Maggie
  8028 | D:7      | Found a stormy altar of Qazlal.
  8132 | D:7      | Reached ***** piety under Fedhas
  9469 | D:9      | Reached skill level 10 in Invocations
  9845 | D:9      | Found the +6 shillelagh "Devastator" {shatter}
 10256 | D:10     | Noticed Harold
 10299 | D:10     | Reached skill level 11 in Invocations
 10321 | D:10     | Noticed a centaur warrior
 10328 | D:10     | Noticed an orc knight
 10329 | D:10     | Killed an orc knight
 10330 | D:10     | Reached skill level 12 in Invocations
 10348 | D:10     | Killed a centaur warrior
 10353 | D:10     | Reached XP level 11. HP: 35/76 MP: 13/20
 10372 | D:10     | Reached skill level 13 in Invocations
 10410 | D:10     | Noticed a two-headed ogre
 10414 | D:10     | Killed a two-headed ogre
 10478 | D:10     | Noticed a white ugly thing
 10487 | D:10     | Killed a white ugly thing
 10488 | D:10     | Noticed a two-headed ogre
 10499 | D:10     | Killed a two-headed ogre
 10500 | D:10     | Reached skill level 5 in Fighting
 10899 | D:10     | Found a bloodstained altar of Trog.
 10948 | D:10     | Found a sparkling altar of Nemelex Xobeh.
 10984 | D:10     | Found a shadowy altar of Dithmenos.
 11213 | D:10     | Killed Harold
 11291 | Lair:1   | Entered Level 1 of the Lair of Beasts
 11419 | D:8      | HP: 4/81 [poisoned by a cane toad]
 12589 | Lair:2   | Noticed Urug
 12597 | Lair:2   | Killed Urug
 12598 | Lair:2   | Reached skill level 10 in Short Blades
 13381 | Lair:2   | Gained mutation: You punish those that try to bend your
                  | will. (Will+) [demonic ancestry]
 13381 | Lair:2   | Reached XP level 12. HP: 68/89 MP: 21/21
 13575 | Lair:3   | Found a transporter.
 13575 | Lair:3   | Found a transporter.
 13621 | Lair:3   | Noticed a death yak
 13640 | Lair:3   | Noticed Jiurer's ghost (journeyman TrBe)
 13654 | Lair:3   | Found the +10 dark maul {heavy}
 13700 | Lair:3   | Found a staircase to the Swamp.
 13947 | Lair:3   | Noticed a death yak
 13948 | Lair:3   | Noticed a death yak
 13948 | Lair:3   | Noticed a death yak
 13948 | Lair:3   | Noticed a death yak
 13977 | Lair:2   | Killed a death yak
 14093 | Lair:3   | Noticed a death yak
 14093 | Lair:3   | Noticed a death yak
 14105 | Lair:2   | Killed a death yak
 14110 | Lair:2   | Killed a death yak
 14133 | Lair:2   | Killed a death yak
 14158 | Lair:2   | Killed a death yak
 14459 | Lair:3   | Noticed Sonja
 14559 | Lair:3   | Killed Sonja
 14787 | Lair:3   | Reached skill level 10 in Dodging
 14799 | Lair:3   | Noticed a death yak
 14800 | Lair:3   | Noticed a death yak
 14800 | Lair:3   | Noticed a death yak
 14800 | Lair:3   | Noticed a death yak
 14801 | Lair:3   | Noticed a death yak
 14822 | Lair:3   | Killed a death yak
 14823 | Lair:3   | Killed a death yak
 14823 | Lair:3   | Killed a death yak
 14823 | Lair:3   | Killed a death yak
 14824 | Lair:3   | Reached skill level 10 in Fighting
 14824 | Lair:3   | Gained mutation: You have a sharp stinger which inflicts
                  | weakening toxins. [demonic ancestry]
 14824 | Lair:3   | Reached XP level 13. HP: 62/103 MP: 13/22
 15307 | Lair:3   | Found a hole to the Spider Nest.
 16796 | Lair:5   | Entered Level 5 of the Lair of Beasts
 17286 | Lair:5   | Reached skill level 14 in Invocations
 18077 | Lair:5   | Reached skill level 15 in Invocations
 18626 | Lair:5   | Reached XP level 14. HP: 43/114 MP: 16/25
 18634 | Lair:5   | Reached skill level 16 in Invocations
 19198 | Lair:5   | Reached skill level 17 in Invocations
 19217 | Lair:5   | Found a staircase to the Slime Pits.
 19544 | Lair:5   | Got Sif Muna's Theurgy for Novices
 19545 | Lair:5   | Identified the ring "Nyirauw" {Fire Int+3 Dex+3}
 19548 | Lair:5   | Identified the +12 orcbow of Conflict {freeze, Fly}
 19650 | Lair:5   | Identified the maw talisman of Locw {*Corrode rPois rN+
                  | Will+ Dex+2}
 20183 | D:11     | Reached skill level 1 in Ranged Weapons
 20204 | D:11     | Reached ****** piety under Fedhas
 21576 | D:12     | Noticed Rupert
 21608 | D:12     | Killed Rupert
 21609 | D:12     | Reached skill level 5 in Ranged Weapons
 21947 | D:12     | Noticed Azrael
 22496 | D:12     | Found a staircase to the Orcish Mines.
 22514 | Orc:1    | Entered Level 1 of the Orcish Mines
 22522 | Orc:1    | Noticed Snorg
 22535 | Orc:1    | Killed Snorg
 22733 | Orc:2    | Entered Level 2 of the Orcish Mines
 22749 | Orc:2    | Found a staircase to the Elven Halls.
 22789 | Orc:2    | Reached skill level 5 in Stealth
 23095 | Orc:2    | Found a transporter.
 23098 | Orc:2    | Noticed ggggg's ghost (journeyman MiFi)
 23099 | Orc:2    | Found a transporter.
 23802 | Orc:2    | Reached XP level 15. HP: 101/120 MP: 23/27
 23920 | Orc:2    | Found Fit Lach's Weapon Shoppe.
 23923 | Orc:2    | Found Qudas's Jewellery Shoppe.
 23924 | Orc:2    | Found Xecedath's Jewellery Shoppe.
 23925 | Orc:2    | Found Zoucsybrewn's Distillery.
 23935 | Orc:2    | Bought 2 potions of enlightenment for 150 gold pieces
 23935 | Orc:2    | Bought a potion of heal wounds for 75 gold pieces
 23938 | Orc:2    | Bought the amulet of the Devouring Enemy {rElec rN+++
                  | Regen+ Stlth-} for 954 gold pieces
 23938 | Orc:2    | Bought the ring of Wykyrr {Fly rF++} for 630 gold pieces
 24068 | Orc:2    | Killed by an exploding ballistomycete spore

Illustrated notes

Levels and vault maps discovered:
D:1:      minmay_arrival_radiant_lines, layout_loops_ring,
          chequers_ecumenical_altar_twisty, roderic_serpentine_path
D:2:      layout_loops_corners
D:3:      layout_basic, grunt_temple_overflow_holy_war,
          nicolae_wu_jian_immortal_techniques, nicolae_elyvilon_temple_path
D:4:      layout_rooms, minmay_temple_entry_from_below_b, serial_shops,
          nicolae_shop_hallway_stairs, kennysheep_another_room
D:5:      cheibrodos_barr_body, layout_cave_pools, marbit_many_paths,
          kennysheep_little_box, reono_crystal_passage, skrybe_limestone_x
D:6:      layout_loops_ring
D:7:      layout_basic, grunt_temple_overflow_order_and_chaos_2,
          nicolae_uskayaw_murder_on_the_dancefloor,
          mainiacjoe_overflow_concentric_impassable, cheibriados_altar_2,
          nicolae_overflow_hidden_temple, uniq_maggie
D:8:      layout_loops_ring, hellmonk_lair_entry_icy
D:9:      layout_loops_ring
D:10:     layout_rooms, nicolae_dithmenos_the_darkroom,
          mainiacjoe_overflow_catwalk, mainiacjoe_overflow_cross_hatched,
          nicolae_doodle_vault, uniq_harold
D:11:     layout_basic, roderic_roman_lattice, nicolae_demonic_statue_gallery
D:12:     dragon1_lemuel, layout_cave_pools, david_orc_2,
          nicolae_gozag_cash_rules_everything_around_me, uniq_rupert,
          uniq_azrael
Lair:1:   layout_hall_layers
Lair:2:   layout_gridlike, uniq_urug
Lair:3:   layout_misc_corridors, skrybe_swamp_entry_bodies,
          spider_nest_entry_rubble, gammafunk_ghost_hive, serial_bayou_shore_b,
          uniq_sonja
Lair:4:   layout_regular_city
Lair:5:   minmay_lair_end_frog_pond, layout_misc_corridors,
          dpeg_slime_entry_enclosed
Orc:1:    layout_caves, uniq_snorg
Orc:2:    st_orc_pillars, layout_caves, gammafunk_ghost_arena

Skill      XL: |  1  2  3  4  5  6  7  8  9 10 11 12 13 14 15 |
---------------+----------------------------------------------+-----
Dodging        | 1 6 8 10 12 | 12.0
Stealth        | 1 2 6 |  6.5
Fighting       | 2 3 6 10 11 12 | 12.0
Short Blades   | 1 3 4 6 8 10 | 10.0
Invocations    | 1 2 3 8 9 12 13 15 17 | 17.0
Throwing       | 1 5 6 |  6.0
Ranged Weapons | 6 7 |  7.0
Armour         | |  1.8
Evocations     | |  3.6

Action                     |  1- 3 |  4- 6 |  7- 9 | 10-12 | 13-15 || total
---------------------------+-------+-------+-------+-------+-------++-------
  Melee: Club              |    26 |       |       |       |       ||    26
         Dagger            |   104 |   137 |   409 |   734 |  1254 ||  2638
         Tailslap          |     7 |    23 |    72 |   133 |   314 ||   549
         Punch             |     1 |       |    10 |    12 |    24 ||    47
   Fire: Orcbow            |       |       |       |       |    85 ||    85
  Throw: Dart              |       |    21 |    51 |   111 |    61 ||   244
         Throwing net      |       |       |       |     1 |       ||     1
 Invoke: Wall of Briars    |       |     1 |     1 |     9 |     7 ||    18
         Grow Ballistomyce |       |       |     2 |     9 |    12 ||    23
  Evoke: Wand              |     3 |     3 |    10 |    13 |    13 ||    42
         Lightning rod     |       |       |       |       |     2 ||     2
    Use: Scroll            |     3 |     7 |     2 |    14 |     8 ||    34
         Potion            |       |       |       |     2 |     1 ||     3
   Stab: Sleeping          |     4 |     7 |     3 |     2 |       ||    16
         Invisible         |       |     2 |     5 |     7 |     3 ||    17
         Distracted        |       |     1 |     1 |       |     3 ||     5
         Confused          |       |       |     1 |     8 |     4 ||    13
         Held in net/web   |       |       |       |     1 |       ||     1
         Petrified         |       |       |       |       |     1 ||     1
 Armour: Leather armour    |    66 |    59 |   156 |   215 |   330 ||   826
  Dodge: Dodged            |    84 |   102 |   325 |   461 |   899 ||  1871
  Block: Other             |       |       |       |     8 |       ||     8
